AoeStats
← 海峡

Migration

504505643Analyzed
1v1 RM · 28d ago on Sep 5, 2026· 45m 25s· 2 players
Game mode
Random Map
Map size
132×132
Population
200
Speed
Normal
Resources
Standard
Victory
Conquest
Starting age
Dark Age
Ending age
Imperial Age
RankedLock teamsTeams togetherTeam positionsShared explorationLock speedFull tech treeHidden civsTurbo modeCheats
Victory
Defeat
🇨🇱 Koreans · Chile
1894
+12
🇨🇳 Inca · China
1809
-12
海峡
1:02 Loom
13:03 Feudal Age
13:33 Double-Bit Axe
17:19 Castle Age
15:03 Fishing Lines
15:45 Gold Mining
16:08 Forging
18:13 Medium Warships
18:39 Iron Casting
18:20 Bow Saw
18:52 Gold Shaft Mining
18:58 Wheelbarrow
18:32 Gillnets
18:16 Champi Runner
19:33 Iron Casting
20:38 Hand Cart
20:38 Clinker Construction
24:21 Careening
28:05 Town Watch
32:33 Imperial Age
30:31 Scale Mail Armor
29:55 Champi Warrior
30:35 Squires
31:29 Chain Mail Armor
31:03 Arson
33:41 Heavy Warships
33:54 Treadmill Crane
36:30 Plate Mail Armor
35:26 Demolition Ship
37:46 Elite Champi Warrior
[CL] Eduardo
13:23 Feudal Age
13:04 Loom
17:29 Castle Age
15:22 Fishing Lines
15:53 Gold Mining
15:49 Double-Bit Axe
17:48 Light Cavalry
21:50 Forging
24:19 Wheelbarrow
24:27 Wheelbarrow
26:13 Hand Cart
25:45 Town Watch
30:59 Imperial Age
29:24 Medium Warships
29:05 Gillnets
29:55 Fletching
32:13 Gold Shaft Mining
31:28 Stone Mining
32:23 Heavy Warships
32:46 Clinker Construction
35:00 Ballistics
36:01 Shipwright
36:04 Horse Collar
37:49 Conscription
37:27 Heated Shot
39:07 Stone Shaft Mining
38:35 Bodkin Arrow
39:27 Bracer
39:41 Treadmill Crane
43:34 Chemistry
44:09 Carvel Hull
44:58 Elite Cannon Galleon
Connection lost

Rejoining the realm…

Still unreachable

The connection could not be restored.

Session expired

The server has moved on; the page needs a fresh start.